Description

A blue-flame Hellbat/Marine/Medivac push that opens from 1 base into a push with +1 vehicle weapons and can extend into macro.

Replay - IIIIIIIIIIII v UYscuti - Cosmic Sapphire

Build Order

Get SALT Encoding   

  12  0:00  SCV  
  13  0:12  SCV  
  14  0:17  Supply Depot  
  14  0:24  SCV  
  15  0:38  SCV  
  15  0:39  Barracks  
  16  0:43  Refinery  
  16  0:50  SCV  
  16  0:53  Refinery  
  17  1:03  SCV  
  18  1:12  Supply Depot  
  18  1:16  SCV  
  19  1:26  Barracks Reactor  
  19  1:28  Orbital Command  
  19  1:47  Factory  
  19  1:53  SCV  
  20  1:57  Supply Depot  
  20  2:02  Marine x2  
  20  2:05  SCV  
  23  2:18  SCV  
  23  2:21  Marine x2  
  26  2:26  Supply Depot  
  26  2:32  Starport  
  26  2:38  Factory Tech Lab  
  26  2:40  Marine x2  
  28  2:57  Infernal Pre-Igniter  
  28  2:58  Hellion  
  30  3:00  Supply Depot  
  30  3:01  Marine x2  
  32  3:08  Medivac  
  34  3:20  Marine x2  
  34  3:23  Hellion  
  38  3:39  Armory  
  40  3:42  Medivac  
  42  3:53  Hellion  
  48  4:12  Liberator  
  53  4:17  Hellion  
  55  4:40  Hellion  
  59  5:09  Liberator, Hellion  
  53  5:34  Hellion  
  56  5:44  Command Center  
  58  5:56  Liberator  
  52  6:01  Hellion  
  48  6:15  Terran Vehicle Weapons Level 1  
  47  6:24  Siege Tank  
  54  6:50  Starport Reactor  
  54  6:52  Barracks x2  
  55  6:59  Orbital Command  
  56  7:11  Siege Tank  
  62  7:24  Engineering Bay  
  64  7:35  Engineering Bay  
  65  7:42  Barracks Tech Lab x2  
  68  7:45  Siege Tank  
  68  7:51  Terran Infantry Weapons Level 1  
  70  8:00  Medivac  
  70  8:04  Refinery x2  
  74  8:13  Missile Turret x2  
  79  8:21  Stimpack  
  79  8:44  Marauder x2  
  86  9:02  Terran Infantry Armor Level 1  
  86  9:41  Siege Tank  
  86  9:42  Marauder x2  
  86  9:43  Medivac x2  
Spawning Tool Build Advisor. Get it on Overwolf

Analysis

A blue-flame Hellbat/Marine/Medivac push that opens from 1 base into a push with +1 vehicle weapons and can extend into macro.

Build modified from existing pure 1-base opening to be useable vs Zerg and extendable. Good results vs pool-first ling-bane builds so far and extends fairly well vs Roaches as in this replay if tank is built. Would be very interested to see how this performs in the hands of players far higher rank than I am.

Go to:

Details

  • Created by: Wayfarer__SCII
  • Published on: Oct 02, 2022
  • Modified on: Oct 02, 2022
  • Patch: 4.11.0
  • Difficulty: Medium
Show
View Real Time Build Order
Export as new Build Order

Comments (0)

There are no comments. Be the first!

Create an account to comment!